 Dungeon Crawl Stone Soup version 0.30.1-9-gdf580d7c3d (webtiles) character file.

Game seed: 8625359755813224080

4186 Nonny the Carver (level 10, -1/63 HPs)
             Began as a Tengu Cinder Acolyte on Oct 21, 2023.
             Was a High Priest of Ignis.
             Slain by a wolf (7 damage)
             ... led by Grum
             ... on level 8 of the Dungeon.
             The game lasted 00:22:45 (8412 turns).

Nonny the Carver (Tengu Cinder Acolyte)             Turns: 8412, Time: 00:22:45

Health: -1/63      AC:  8    Str: 14 (16) XL:     10   Next: 29%
Magic:  18/21      EV: 12    Int: 12 (14) God:    Ignis [*****.]
Gold:   544        SH:  5    Dex: 15 (17) Spells: 3/11 levels left

rFire   + + .        a - +0 falchion (flame)
rCold   . . .        (no shield)
rNeg    . . .        D - +0 scale mail of the Hunter {rElec rF+ MP+9 Dex+4}
rPois   .            (helmet restricted)
rElec   +            p - +0 cloak
rCorr   .            (no gloves)
SInv    .            (boots unavailable)
Will    .....        B - amulet of reflection
Stlth   x              - +5 ring of evasion
HPRegen 0.30/turn    (no ring)
MPRegen 0.17/turn

%: reflection
@: mighty, about to teleport, grasped by roots, flying quickly and evasively,
mesmerised, constricted, quick
A: beak, talons 3, nimble flight
a: Renounce Religion, Fiery Armour, Foxfire Swarm, Rising Flame


You were on level 8 of the Dungeon.
You worshipped Ignis.
Ignis was extremely pleased with you.
You visited 2 branches of the dungeon, and saw 9 of its levels.
You also visited: Sewer.

You collected 544 gold pieces.

Inventory:

Hand Weapons
 a - a +0 falchion of flaming (weapon)
 F - the +4 dagger of the Jolly Dreams {elec, SInv}
   (You found it on level 6 of the Dungeon)

   SInv:      It lets you see invisible.
Missiles
 v - a throwing net (quivered)
 E - 14 poisoned darts
Armour
 f - +0 steam dragon scales
 n - the +1 leather armour of Gais {rCorr}
   (You found it on level 3 of the Dungeon)

   rCorr:     It protects you from acid and corrosion.
 p - a +0 cloak (worn)
 D - the +0 scale mail of the Hunter (worn) {rElec rF+ MP+9 Dex+4}
   (You found it on level 6 of the Dungeon)

   Dex:       It affects your dexterity (+4).
   rF:        It protects you from fire.
   rElec:     It insulates you from electricity.
   MP:        It affects your magic capacity (+9).
Jewellery
 d - an amulet of guardian spirit
 x - a +5 ring of evasion (left hand)
 B - an amulet of reflection (around neck)
Wands
 k - a wand of roots (9)
 A - a wand of acid (3)
Scrolls
 b - a scroll of enchant armour {unknown}
 j - 3 scrolls of teleportation
 m - a scroll of amnesia {unknown}
 o - a scroll of brand weapon
 q - 2 scrolls of blinking
 r - 2 scrolls of fear {unknown}
 u - 2 scrolls of noise
 y - a scroll of fog {unknown}
 C - a scroll of immolation {unknown}
Potions
 c - 4 potions of brilliance
 e - 3 potions of degeneration
 g - 3 potions of lignification
 h - 3 potions of berserk rage
 i - a potion of cancellation
 s - 3 potions of attraction
 w - 2 potions of mutation


   Skills:
 + Level 7.4 Fighting
 + Level 12.2 Long Blades
 + Level 6.2 Armour
 * Level 1.2 Stealth
 - Level 1.0 Spellcasting
 - Level 5.4 Fire Magic


You had 3 spell levels left.
You knew the following spells:

 Your Spells              Type           Power      Damage    Failure   Level
a - Scorch                Fire           26%        2d6       19%         2
b - Apportation           Tloc           0%         N/A       73%         1
c - Freezing Cloud        Conj/Ice/Air   0%         6-21      100%        5

Your spell library contained the following spells:

 Spells                   Type           Power      Damage    Failure   Level
 Freeze                   Ice            0%         1d3       73%         1
 Ignite Poison            Fire/Tmut/Pois 4%         N/A       85%         3
 Cigotuvi's Dreadful Rot  Necr/Pois/Air  0%         N/A       86%         2
 Frozen Ramparts          Ice            0%         1d1       97%         3
 Hailstorm                Conj/Ice       0%         3d3       97%         3
 Alistair's Intoxication  Tmut/Pois      0%         N/A       100%        5


Dungeon Overview and Level Annotations

Branches:
Dungeon (8/15)             Temple (1/1) D:5           Sewer (visited)
   Lair: D:8-11

Altars:
Dithmenos
Elyvilon
Gozag
Nemelex Xobeh
Okawaru
Qazlal
Ru
Sif Muna
Trog
Uskayaw
Vehumet
Wu Jian
Xom
Yredelemnul

Portals:
Bailey: D:8

Annotations:
D:7 2 transporters, Duvessa; monkeyman's ghost, novice TrBe
D:8 Grum; Maggie; Maurice


Innate Abilities, Weirdness & Mutations

You have a beak for a mouth.
You have claws for feet.
Your magical nature lets you fly swiftly and evasively.


Message History

Grum barely misses you.
A wolf comes into view.
Grum zaps a wand.
The roots erupt in riotous growth!
The grasping roots grab you! The grasping roots constrict you.
You hear a horrible gurgling sound!
You escape the roots grasp.
Found a stone staircase leading down.
The wolf attacks as you move away! The wolf closely misses you.
Maggie the Vainglorious comes into view.
She is wielding a +0 war axe.
The wolf bites you but does no damage. Maggie gestures at you while chanting.
The bolt of fire hits you. You resist.
* * * LOW HITPOINT WARNING * * *
The wolf attacks as you move away! You block the wolf's attack.
Maggie mumbles some strange words.
Maggie attempts to bespell you!
You are mesmerised by Maggie!
Grum zaps a wand.
The roots erupt in riotous growth!
The wolf is unaffected.
The grasping roots grab you! The grasping roots constrict you.
* * * LOW HITPOINT WARNING * * *
The wolf completely misses you.
As you read the scroll of teleportation, it crumbles to dust.
You feel strangely unstable. The wolf completely misses you.
The grasping roots constrict you.
* * * LOW HITPOINT WARNING * * *
Maggie points at you and mumbles some strange words.
The bolt of fire hits you. You resist.
* * * LOW HITPOINT WARNING * * *
You feel better. You block the wolf's attack. The wolf bites you.
* * * LOW HITPOINT WARNING * * *
Maggie says, "If you die in the Dungeon, but nobody's around to see it, does it really matter?"
The grasping roots constrict you.
* * * LOW HITPOINT WARNING * * *
Unknown command.
It was a potion of might.
You feel very mighty all of a sudden. The wolf bites you!
You die...

.########.#
..........####################
............g........@.......#
#########..###############.###
...............###***** #.#
#######g..####....,,,,* #.#
######..#####**.@####,* #.#
##.....##...##*#....#,***#.#
##.##.#.....:###@#.#,,..,#.#
##.#..........##h#.#..#*,#.#
##.#..........##......#*,#.#
##.#......g...#.g####.#*,#.#
...........h.##......>#*,#.#
...#)#..#....#..#####.#*,#.#
####.#..##..#.........,,,#.# #
#.#..###...........***#.#
####.#.........######.** #<#


You could see Maggie (mesmerising), Grum and a wolf.

Vanquished Creatures
  Pikel (D:6)
  Joseph (D:7)
  2 yaks (D:8)
  A steam dragon (D:8)
  2 water moccasins
  An orc warrior (D:5)
  An ice beast (D:6)
  A black bear (D:6)
  2 sky beasts (D:7)
  A wolf (D:7)
  2 centaurs (D:8)
  3 phantoms
  2 kobold brigands
  3 bullfrogs
  3 scorpions
  5 wights (D:6)
  7 killer bees (D:8)
  3 hounds
  7 orc priests
  A jelly (D:6)
  Crazy Yiuf (D:7)
  6 orc wizards
  2 iguanas
  Terence (D:2)
  8 adders
  2 shadow imps
  2 white imps
  2 worms
  4 dart slugs
  26 orcs
  6 bats
  13 endoplasms
  5 giant cockroaches
  5 goblins
  9 hobgoblins
  12 kobolds
  9 quokkas
  14 ball pythons
  14 frilled lizards
  5 rats
195 creatures vanquished.

Vanquished Creatures (others)
  A steam dragon (D:8)
  An orc (D:8)
2 creatures vanquished.

Grand Total: 197 creatures vanquished

Notes
Turn   | Place    | Note
-------+----------+-------------------------------------------
     0 | D:1      | Nonny the Tengu Cinder Acolyte began the quest for the Orb.
     0 | D:1      | Reached XP level 1. HP: 14/14 MP: 3/3
   143 | D:1      | Reached XP level 2. HP: 17/19 MP: 4/4
   152 | D:1      | Learned a level 2 spell: Scorch
   207 | D:1      | Found a faded altar of an unknown god.
   419 | D:1      | Reached XP level 3. HP: 19/23 MP: 5/5
   802 | D:1      | You fall into a shaft and drop 1 floor!
   875 | D:3      | Identified the +1 leather armour of Gais {rCorr}
   935 | D:3      | Found an iron altar of Okawaru.
   936 | D:3      | Found a sparkling altar of Nemelex Xobeh.
   980 | D:3      | Reached skill level 4 in Long Blades
  1080 | D:3      | Reached XP level 4. HP: 26/29 MP: 3/6
  1564 | D:3      | Vault: large chamber with metal walls, lava pools by them,
                  | and four translucent squares in its center.
  1631 | D:4      | Gained mutation: Your magical nature lets you fly swiftly
                  | and evasively. [Tengu growth]
  1631 | D:4      | Reached XP level 5. HP: 30/33 MP: 7/7
  1660 | D:4      | Found a hide-covered altar of Uskayaw.
  1690 | D:4      | Found a glowing drain.
  1708 | Sewer    | Entered a sewer
  1960 | Sewer    | Reached skill level 5 in Long Blades
  2023 | Sewer    | Reached XP level 6. HP: 29/39 MP: 1/8
  2025 | Sewer    | Reached skill level 5 in Fire Magic
  2108 | Sewer    | Sewer: spiral to two frogs.
  2437 | D:2      | Noticed Terence
  2443 | D:2      | Killed Terence
  3348 | D:5      | Entered Level 5 of the Dungeon
  3355 | D:5      | Reached skill level 6 in Long Blades
  3355 | D:5      | Reached XP level 7. HP: 31/44 MP: 9/9
  3866 | D:5      | Reached skill level 5 in Fighting
  4258 | D:5      | Reached skill level 7 in Long Blades
  4558 | D:5      | Learned a level 1 spell: Apportation
  4697 | D:5      | HP: 1/44 [orc priest/divine providence (13)]
  4990 | D:5      | Found a staircase to the Ecumenical Temple.
  5001 | D:5      | Temple entrance: lava chamber.
  5002 | Temple   | Entered the Ecumenical Temple
  5277 | Temple   | Temple: island
  5547 | D:6      | Reached skill level 1 in Armour
  5547 | D:6      | Reached XP level 8. HP: 42/49 MP: 10/10
  5561 | D:6      | Reached skill level 8 in Long Blades
  5658 | D:6      | Identified the +0 scale mail of the Hunter {rElec rF+ MP+9
                  | Dex+4}
  5865 | D:6      | Noticed Pikel
  5914 | D:6      | Killed Pikel
  5915 | D:6      | Reached skill level 9 in Long Blades
  5915 | D:6      | Reached XP level 9. HP: 41/55 MP: 11/11
  6008 | D:6      | Identified the +4 dagger of the Jolly Dreams {elec, SInv}
  6120 | D:6      | Reached skill level 10 in Long Blades
  6876 | D:6      | Found a shimmering blue altar of Sif Muna.
  6917 | D:7      | Reached skill level 11 in Long Blades
  7005 | D:7      | Found a shadowy altar of Dithmenos.
  7117 | D:7      | Found a transporter.
  7118 | D:7      | Noticed monkeyman's ghost (novice TrBe)
  7258 | D:7      | Found a runed translucent door.
  7261 | D:7      | Noticed Crazy Yiuf
  7270 | D:7      | Killed Crazy Yiuf
  7497 | D:7      | Noticed Joseph
  7519 | D:7      | Killed Joseph
  7597 | D:7      | Noticed a hornet
  7629 | D:7      | Noticed Duvessa
  7784 | D:7      | Found a transporter.
  7797 | D:7      | Reached skill level 5 in Armour
  8048 | D:8      | Learned a level 5 spell: Freezing Cloud
  8050 | D:8      | Noticed Maurice
  8065 | D:8      | Noticed Grum
  8106 | D:7      | Reached XP level 10. HP: 29/63 MP: 12/12
  8215 | D:8      | Reached skill level 12 in Long Blades
  8335 | D:8      | Reached skill level 1 in Stealth
  8375 | D:8      | Found a flagged portal.
  8407 | D:8      | Noticed Maggie
  8412 | D:8      | Slain by a wolf

Illustrated notes #.# #..###≈≈§§§≈≈≈###.......## #.###..##≈≈......≈≈##......... ##.#...##≈≈........≈≈##........ #....###§§..........≈§##....... ###..####§≈§...........≈≈##...... ......<#§§.§............≈≈#..#### .####.##≈§.§.............≈#..# # ## #.##≈§.....#..#......≈#..# # #..'.§......@.........'..# # ##.'................÷.÷.## # ###≈......#..#......≈### #≈...............§≈# #≈≈§.............≈≈# ##≈§............≈≈## ##≈≈§.........≈≈## ##≈§........§§## ##≈≈.....^≈≈## Turn 1564 on D:3: Vault: large chamber with metal walls, lava pools by them, and four translucent squares in its center. ~~#.~~~#~~..[..~~~~~≈#~~~.#~~~# .~#~~~~#.~~~.~~~~~~≈≈#~~~~#..~# ~†##~..#~~~.~~~~~~≈≈##~.~##~~~# ~~~#~.~#~~††~~~~~≈≈##~.~~#~~~~# ~~~##~~##~~#†~~≈≈###~..~##~~.## .~~.##~~#~.#######~.~~~##~†~~# #~.~~#~~##~..~~†~.~~~###..~~## ##~.~~~~~#..~~.~~~####.~~~~## ####~~~#######~@~#~~~.~~~## ##~~#~~.~~#####~~†~##### ####~~.~~~~~~~~####.~∩# #~.~#########....~## #~~~~~~~~~~...∩.### #.~~~.~~.~..##### ############# Turn 2108 on Sewer: Sewer: spiral to two frogs. <.....#..# #.# #.#.# .######..# #.# #.#.# .........###############.# ........###≈≈≈≈≈≈≈§≈≈§##.# ..........#≈§≈≈≈≈≈§≈≈≈##.# ###########≈§§≈§≈≈§≈§≈##.# ..........#§§§#####§§≈##.# ###############...#≈≈≈##.# #....†...@.#≈§§##.# ########.######...#§§§##.# ..........#§≈≈#####§§≈##.# ###########≈≈≈≈§§§≈≈≈≈##.# #§≈§§§§§≈≈§≈##.# #§§§§≈≈§≈≈≈≈##.# ##############.# #.########.## #...........# Turn 5001 on D:5: Temple entrance: lava chamber.

≈≈≈≈≈≈≈≈≈≈≈≈≈≈≈≈≈≈≈≈≈≈≈≈≈≈≈≈≈≈≈≈≈
≈≈≈≈≈≈≈≈≈≈≈≈≈≈≈≈≈≈≈≈≈≈≈≈≈≈≈≈≈≈≈≈≈
≈≈≈≈≈≈≈≈≈≈≈≈≈≈≈≈≈≈≈≈≈≈≈≈≈≈≈≈≈≈≈≈≈
≈≈≈≈≈≈≈≈≈≈≈≈≈≈≈~~~~~≈~~~~~~~~≈~~~
≈≈≈≈≈≈≈≈≈≈≈≈≈≈≈≈.~~.~~.~.~.~...~.
≈≈≈≈≈≈≈≈≈≈≈≈≈≈≈..................
≈≈≈≈≈≈≈≈≈≈≈≈~~..........♣........
≈≈≈≈≈≈≈≈≈≈≈~~~...................
≈≈≈≈≈≈≈≈≈≈≈~....@....#######.....
≈≈≈≈≈≈≈≈≈≈~.P.....P###.....###...
≈≈≈≈≈≈≈≈~~~......###....._...###.
≈≈≈≈≈≈≈≈~.......##..._.........##
≈≈≈≈≈≈≈≈≈~......#.._........_...'
≈≈≈≈≈≈≈≈~~......#.....⌠._.......'
≈≈≈≈≈≈≈≈≈..♣....#.._........_...'
≈≈≈≈≈≈≈≈~.......##..._.........##
≈≈≈≈≈≈≈≈~~~......###....._...###.


Turn 5277 on Temple: Temple: island

Levels and vault maps discovered:
D:1:      amcnicky_arrival_double_pillar, layout_basic,
          shapermc_ecumenical_altar_ellora, minmay_pentomino_v2
D:2:      layout_rooms, uniq_terence
D:3:      layout_rooms, gammafunk_temple_overflow_statue, kennysheep_cross_room
D:4:      layout_rooms, mainiacjoe_overflow_small_starburst,
          cheibrodos_sewer_entry_drain
D:5:      layout_basic, minmay_temple_entry_poolview
D:6:      layout_basic, lemuel_blue_sif_altar, minmay_increasing_density,
          uniq_pikel
D:7:      layout_basic, mainiacjoe_overflow_surrounded_room,
          gammafunk_ghost_hive, uniq_joseph, uniq_duvessa,
          uniq_crazy_yiuf_cottage
D:8:      layout_basic, enter_bailey_8, grunt_ministairs_7, nrook_campfire,
          interstate_on_off, minmay_manual_moon, uniq_maurice, uniq_gastronok,
          uniq_grum, uniq_psyche, uniq_maggie
Temple:   jpeg_temple_island

Skill      XL: |  1  2  3  4  5  6  7  8  9 10 |
---------------+-------------------------------+-----
Long Blades    | 4 5 6 7 9 11 12 | 12.2
Fire Magic     | 4 5 |  5.4
Fighting       | 4 5 7 |  7.4
Armour         | 1 3 5 6 |  6.2
Stealth        | 1 |  1.2
Spellcasting   | |  1.0

Action                     |  1- 3 |  4- 6 |  7- 9 | 10-12 || total
---------------------------+-------+-------+-------+-------++-------
  Melee: Falchion          |    13 |   153 |   295 |    62 ||   523
         Peck              |     9 |    17 |    63 |     7 ||    96
         Kick              |     9 |    36 |    79 |    12 ||   136
         Dagger            |    43 |    17 |       |       ||    60
         Punch             |       |     1 |     1 |       ||     2
   Cast: Scorch            |     4 |     9 |     5 |       ||    18
    Use: Scroll            |       |     9 |     9 |     2 ||    20
         Potion            |       |       |     2 |     5 ||     7
   Stab: Invisible         |       |       |     1 |       ||     1
 Armour: Robe              |     8 |       |       |       ||     8
         Leather armour    |     2 |    48 |    17 |       ||    67
         Scale mail        |       |       |    13 |    16 ||    29
         Skin              |       |       |       |    20 ||    20
  Dodge: Dodged            |    26 |   134 |   145 |    47 ||   352
  Block: Other             |       |       |    49 |    20 ||    69
         Reflection        |       |       |     6 |     2 ||     8
